 Dungeon Crawl Stone Soup version 0.29.0-4-gdea44cf6ec (webtiles) character file.

Game seed: 1505168373890750152

40717 qw the Blocker (level 13, -2/120 HPs)
             Began as a Troll Cinder Acolyte on Sept 2, 2022.
             Was an Elder of Okawaru.
             Slain by a ten-headed hydra (12 damage)
             ... on level 2 of the Lair of Beasts.
             The game lasted 00:09:54 (13836 turns).

qw the Blocker (Troll Cinder Acolyte)              Turns: 13836, Time: 00:09:55

Health: -2/120     AC: 10    Str: 29    XL:     13   Next: 76%
Magic:  16/17      EV:  9    Int:  8    God:    Okawaru [****..]
Gold:   863        SH: 23    Dex:  5    Spells: 14/14 levels left

rFire   . . .      SeeInvis +     - Unarmed
rCold   + + +      Faith    .   l - +0 tower shield
rNeg    . . .      Spirit   .   t - +1 robe of Tempters {rPois rC++}
rPois   +          Reflect  +   (helmet restricted)
rElec   .          Harm     .   s - +0 cloak
rCorr   .          Rampage  .   (gloves unavailable)
Will    .....                   (boots unavailable)
Stlth   ++........              g - amulet of reflection
HPRegen 1.10/turn               d - +4 ring of protection
MPRegen 0.15/turn               o - ring of see invisible

@: heroic
A: large, unfitting armour, claws 3, regeneration 1, shaggy fur 1, tough skin 1,
cold resistance 1, dopey 1, wild magic 1
a: Renounce Religion, Heroism, Finesse


You were on level 2 of the Lair of Beasts.
You worshipped Okawaru.
Okawaru was greatly pleased with you.
You visited 2 branches of the dungeon, and saw 14 of its levels.

You collected 925 gold pieces.
You spent 62 gold pieces at shops.


Innate Abilities, Weirdness & Mutations

You are too large for most types of armour.
You have claws for hands.
Your natural rate of healing is unusually fast.
You are covered in fur. (AC +1)
You have tough skin. (AC +1)
Your flesh is cold resistant. (rC+)
You are dopey. (Int -2)
Your spells are a little harder to cast, but a little more powerful.


   Skills:
 - Level 6.0(11.0) Fighting
 + Level 5.0(10.0) Throwing
 - Level 1.3(6.3) Armour
 - Level 1.4(6.4) Dodging
 - Level 14.2(19.2) Shields
 - Level 14.1(19.1) Unarmed Combat
 - Level 1.0 Spellcasting
 - Level 2.1 Fire Magic
 + Level 7.8 Invocations


You had 14 spell levels left.
You didn't know any spells.
Your spell library contained the following spells:

 Spells                   Type           Power      Damage    Failure   Level
 Scorch                   Fire           10%        2d5       52%         2

Inventory:

Missiles
 w - a large rock (quivered)
 x - a javelin
Armour
 a - the +3 hat of Pondering {ponderous, Will+ MP+10 Int+5}
   (You acquired it on level 8 of the Dungeon)

   Int:       It affects your intelligence (+5).
   MP:        It affects your magic capacity (+10).
   Will:      It increases your willpower.
 l - a +0 tower shield (worn)
 m - +0 fire dragon scales
 r - the +1 robe of Ethereal Birdsong {Str+6}
   (You found it on level 6 of the Dungeon)

   Str:       It affects your strength (+6).
 s - a +0 cloak (worn)
 t - the +1 robe of Tempters (worn) {rPois rC++}
   (You found it on level 7 of the Dungeon)

   rC:        It greatly protects you from cold.
   rPois:     It protects you from poison.
Jewellery
 d - a +4 ring of protection (left claw)
 f - a +6 ring of strength
 g - an amulet of reflection (around neck)
 o - a ring of see invisible (right claw)
 u - a ring of protection from fire
 y - a +4 ring of evasion
Wands
 k - a wand of digging (3)
Scrolls
 h - 4 scrolls of identify
 j - a scroll of teleportation
 n - a scroll of brand weapon
 p - a scroll of immolation {unknown}
 v - a scroll of enchant weapon {unknown}
Potions
 b - 11 potions of curing
 c - a potion of haste
 e - a potion of heal wounds
 i - 2 potions of magic
 q - a potion of resistance

Dungeon Overview and Level Annotations

Branches:
Dungeon (9/15)             Temple (0/1) D:5            Lair (5/5) D:9
 Spider (0/4) Lair:2        Slime (0/5) Lair:5
  Swamp: Lair:2-3    Shoals: Lair:2-3       Orc: D:9-12

Altars:
Ashenzari
Dithmenos
Kikubaaqudgha
Okawaru
Qazlal
Trog
Uskayaw
Wu Jian
Yredelemnul

Shops:
D:2 !([*   D:5 *

Annotations:
D:6 1 runed translucent door, Crazy Yiuf
D:7 3 runed translucent doors, qw's ghost, novice TrCA
Lair:1 3 runed translucent doors, qw's ghost, journeyman TrCA
Lair:2 2 transporters, qw's ghost, journeyman TrCA


Message History

The seven-headed hydra bites you!
The seven-headed hydra barely misses you.
You block the seven-headed hydra's attack.
The seven-headed hydra bites you but does no damage.
You block the seven-headed hydra's attack.
You claw one of the seven-headed hydra's heads off!
The six-headed hydra grows two more!
You mangle the eight-headed hydra!!
The eight-headed hydra is heavily wounded.
You block the six-headed hydra's attack. x3
The six-headed hydra bites you!
You block the six-headed hydra's attack.
The six-headed hydra bites you but does no damage.
The eight-headed hydra closely misses you.
The eight-headed hydra bites you!
The eight-headed hydra closely misses you.
The eight-headed hydra completely misses you.
The eight-headed hydra bites you but does no damage.
You block the eight-headed hydra's attack.
The eight-headed hydra bites you but does no damage.
The eight-headed hydra bites you!
You tear one of the eight-headed hydra's heads off!
The seven-headed hydra grows two more!
You mangle the nine-headed hydra!!
The nine-headed hydra is heavily wounded.
The six-headed hydra bites you!
You block the six-headed hydra's attack.
The six-headed hydra bites you but does no damage.
You block the six-headed hydra's attack. x2
The six-headed hydra bites you but does no damage.
You rip one of the nine-headed hydra's heads off!
The eight-headed hydra grows two more!
You claw the ten-headed hydra!
The ten-headed hydra is severely wounded.
You block the ten-headed hydra's attack.
The ten-headed hydra bites you!
You block the ten-headed hydra's attack.
The ten-headed hydra bites you.
You block the ten-headed hydra's attack.
The ten-headed hydra bites you. The ten-headed hydra bites you! x2
You block the ten-headed hydra's attack.
The ten-headed hydra bites you!
You die... #.....77...~~~~~~7####### #.... ##.....77~~~~~~~~7..#.#P## ###.P ##.....777~~~~~~~77...#..#####P.. #.....777...~~~~77##.#....P.#.... ##.>.## 77.¤¤7777 ##...#......## #....# 77.¤¤¤¤7 #.##..##....# #....# 7777¤¤7 #####.#..<... ##...# ~ 7¤¤77

#........ ##.#.#
7¤..777D@7
##%...... #..###7
¤¤¤¤~¤~D.7
###........
......7 ¤¤~¤¤¤~~~7
#..........
..P....77¤.¤¤¤¤~77
##..........
#......7.¤.77¤..7
#...........
......77.. ¤..77
###...........
.......77


¤¤77 #P...........> ......... 777 ###..##......... ......... ##...#.##........
You could see a ten-headed hydra and a six-headed hydra.

Vanquished Creatures
  Gastronok (Lair:3)
  2 dire elephants (Lair:5)
  A catoblepas (Lair:5)
  3 hydras
  A centaur warrior (D:9)
  3 two-headed ogres
  3 death yaks (Lair:5)
  An orb spider (shapeshifter) (D:9)
  3 lindwurms (Lair:5)
  Pikel (D:5)
  2 cyclopes (D:9)
  8 elephants (Lair:5)
  7 black mambas
  7 cane toads
  4 komodo dragons
  3 rime drakes
  An efreet (D:9)
  4 polar bears
  Prince Ribbit (D:5)
  2 tyrant leeches (Lair:2)
  A hornet (Lair:1)
  2 dream sheep (Lair:5)
  10 blink frogs
  3 wraiths
  A shadow (D:9)
  5 wyverns
  16 fire elementals
  29 yaks
  Eustachio (D:5)
  Grum (Lair:1)
  5 basilisks
  2 steam dragons
  Menkaure (D:5)
  A swamp worm (Lair:2)
  Edmund (D:5)
  9 water moccasins
  3 black bears
  An orc warrior (D:9)
  An ice beast (D:7)
  An ogre (D:7)
  49 wolves
  3 centaurs
  A lemure (D:5)
  4 phantoms
  2 kobold brigands
  10 bullfrogs
  A necrophage (D:5)
  5 scorpions
  9 wights
  5 killer bees
  6 howler monkeys
  2 electric eels (Lair:2)
  7 hounds
  A jelly (D:6)
  Terence (D:3)
  6 orc priests
  Jessica (D:3)
  Ijyb (D:5)
  An iguana (D:4)
  7 orc wizards
  A hound zombie (D:3)
  8 gnolls
  12 adders
  2 shadow imps
  2 ufetubi
  3 dart slugs
  22 orcs
  5 ball pythons
  7 bats
  5 endoplasms
  4 giant cockroaches
  5 goblins
  7 hobgoblins
  4 jackals (D:3)
  15 kobolds
  4 quokkas
  2 frilled lizards
  A quokka zombie (D:3)
  7 rats
390 creatures vanquished.

Vanquished Creatures (others)
  A spriggan (Lair:1)
  A human (D:5)
  A bush (Lair:5)
  32 fungi
  29 plants
  4 toadstools (D:1)
68 creatures vanquished.

Grand Total: 458 creatures vanquished

Notes
Turn   | Place    | Note
-------+----------+-------------------------------------------
     0 | D:1      | qw the Troll Cinder Acolyte began the quest for the Orb.
     0 | D:1      | Reached XP level 1. HP: 22/22 MP: 1/1
     0 | D:1      | 0 ||| qw: Version: 0.1-a-97-g2dd2ca4
     0 | D:1      | 0 ||| qw: Game counter: 5000
     0 | D:1      | 0 ||| qw: Always use a shield: true
     0 | D:1      | 0 ||| qw: God list: Okawaru
     0 | D:1      | 0 ||| qw: Allow faded altars: false
     0 | D:1      | 0 ||| qw: Do Orc after D:15 true
     0 | D:1      | 0 ||| qw: Do second Lair branch before Depths: true
     0 | D:1      | 0 ||| qw: Lair rune preference: random
     0 | D:1      | 0 ||| qw: Plans: Normal
     0 | D:1      | 0 ||| PLANNING D:1-11
    25 | D:1      | 25 ||| Stepping randomly (stuck).
    26 | D:1      | 26 ||| Stepping randomly (stuck).
    27 | D:1      | 27 ||| Stepping randomly (stuck).
    28 | D:1      | 28 ||| Stepping randomly (stuck).
    29 | D:1      | 29 ||| Stepping randomly (stuck).
    30 | D:1      | 30 ||| Stepping randomly (stuck).
    31 | D:1      | 31 ||| Stepping randomly (stuck).
    32 | D:1      | 32 ||| Stepping randomly (stuck).
    33 | D:1      | 33 ||| Stepping randomly (stuck).
    34 | D:1      | 34 ||| Stepping randomly (stuck).
    35 | D:1      | 35 ||| Stepping randomly (stuck).
    36 | D:1      | 36 ||| Stepping randomly (stuck).
    37 | D:1      | 37 ||| Stepping randomly (stuck).
    38 | D:1      | 38 ||| Stepping randomly (stuck).
    39 | D:1      | 39 ||| Stepping randomly (stuck).
    40 | D:1      | 40 ||| Stepping randomly (stuck).
    41 | D:1      | 41 ||| Stepping randomly (stuck).
    42 | D:1      | 42 ||| Stepping randomly (stuck).
    43 | D:1      | 43 ||| Stepping randomly (stuck).
    44 | D:1      | 44 ||| Stepping randomly (stuck).
    45 | D:1      | 45 ||| Stepping randomly (stuck).
    46 | D:1      | 46 ||| Stepping randomly (stuck).
    47 | D:1      | 47 ||| Stepping randomly (stuck).
    48 | D:1      | 48 ||| Stepping randomly (stuck).
    49 | D:1      | 49 ||| Stepping randomly (stuck).
    50 | D:1      | 50 ||| Stepping randomly (stuck).
    51 | D:1      | 51 ||| Stepping randomly (stuck).
    52 | D:1      | 52 ||| Stepping randomly (stuck).
    53 | D:1      | 53 ||| Stepping randomly (stuck).
    54 | D:1      | 54 ||| Stepping randomly (stuck).
    55 | D:1      | 55 ||| Stepping randomly (stuck).
    56 | D:1      | 56 ||| Stepping randomly (stuck).
    57 | D:1      | 57 ||| Stepping randomly (stuck).
    58 | D:1      | 58 ||| Stepping randomly (stuck).
    59 | D:1      | 59 ||| Stepping randomly (stuck).
    60 | D:1      | 60 ||| Stepping randomly (stuck).
    61 | D:1      | 61 ||| Stepping randomly (stuck).
    62 | D:1      | 62 ||| Stepping randomly (stuck).
    63 | D:1      | 63 ||| Stepping randomly (stuck).
    64 | D:1      | 64 ||| Stepping randomly (stuck).
    65 | D:1      | 65 ||| Stepping randomly (stuck).
    66 | D:1      | 66 ||| Stepping randomly (stuck).
    67 | D:1      | 67 ||| Stepping randomly (stuck).
    68 | D:1      | 68 ||| Stepping randomly (stuck).
    69 | D:1      | 69 ||| Stepping randomly (stuck).
    70 | D:1      | 70 ||| Stepping randomly (stuck).
    71 | D:1      | 71 ||| Stepping randomly (stuck).
    72 | D:1      | 72 ||| Stepping randomly (stuck).
    73 | D:1      | 73 ||| Stepping randomly (stuck).
    74 | D:1      | 74 ||| Stepping randomly (stuck).
    75 | D:1      | 75 ||| Stepping randomly (stuck).
    76 | D:1      | 76 ||| Stepping randomly (stuck).
    77 | D:1      | 77 ||| Stepping randomly (stuck).
    78 | D:1      | 78 ||| Stepping randomly (stuck).
    79 | D:1      | 79 ||| Stepping randomly (stuck).
    80 | D:1      | 80 ||| Stepping randomly (stuck).
    81 | D:1      | 81 ||| Stepping randomly (stuck).
    82 | D:1      | 82 ||| Stepping randomly (stuck).
    83 | D:1      | 83 ||| Stepping randomly (stuck).
    84 | D:1      | 84 ||| Stepping randomly (stuck).
    85 | D:1      | 85 ||| Stepping randomly (stuck).
    86 | D:1      | 86 ||| Stepping randomly (stuck).
    87 | D:1      | 87 ||| Stepping randomly (stuck).
    88 | D:1      | 88 ||| Stepping randomly (stuck).
    89 | D:1      | 89 ||| Stepping randomly (stuck).
    90 | D:1      | 90 ||| Stepping randomly (stuck).
    91 | D:1      | 91 ||| Stepping randomly (stuck).
    92 | D:1      | 92 ||| Stepping randomly (stuck).
    93 | D:1      | 93 ||| Stepping randomly (stuck).
    94 | D:1      | 94 ||| Stepping randomly (stuck).
    95 | D:1      | 95 ||| Stepping randomly (stuck).
    96 | D:1      | 96 ||| Stepping randomly (stuck).
    97 | D:1      | 97 ||| Stepping randomly (stuck).
    98 | D:1      | 98 ||| Stepping randomly (stuck).
    99 | D:1      | 99 ||| Stepping randomly (stuck).
   100 | D:1      | 100 ||| Stepping randomly (stuck).
   101 | D:1      | 101 ||| Stepping randomly (stuck).
   102 | D:1      | 102 ||| Stepping randomly (stuck).
   103 | D:1      | 103 ||| Stepping randomly (stuck).
   104 | D:1      | 104 ||| Stepping randomly (stuck).
   105 | D:1      | 105 ||| Stepping randomly (stuck).
   106 | D:1      | 106 ||| Stepping randomly (stuck).
   107 | D:1      | 107 ||| Stepping randomly (stuck).
   108 | D:1      | 108 ||| Stepping randomly (stuck).
   109 | D:1      | 109 ||| Stepping randomly (stuck).
   110 | D:1      | 110 ||| Stepping randomly (stuck).
   111 | D:1      | 111 ||| Stepping randomly (stuck).
   112 | D:1      | 112 ||| Stepping randomly (stuck).
   113 | D:1      | 113 ||| Stepping randomly (stuck).
   114 | D:1      | 114 ||| Stepping randomly (stuck).
   115 | D:1      | 115 ||| Stepping randomly (stuck).
   116 | D:1      | 116 ||| Stepping randomly (stuck).
   117 | D:1      | 117 ||| Stepping randomly (stuck).
   118 | D:1      | 118 ||| Stepping randomly (stuck).
   119 | D:1      | 119 ||| Stepping randomly (stuck).
   120 | D:1      | 120 ||| Stepping randomly (stuck).
   121 | D:1      | 121 ||| Stepping randomly (stuck).
   122 | D:1      | 122 ||| Stepping randomly (stuck).
   123 | D:1      | 123 ||| Stepping randomly (stuck).
   124 | D:1      | 124 ||| Stepping randomly (stuck).
   125 | D:1      | 125 ||| Stepping randomly (stuck).
   126 | D:1      | 126 ||| Stepping randomly (stuck).
   127 | D:1      | 127 ||| Stepping randomly (stuck).
   128 | D:1      | 128 ||| Stepping randomly (stuck).
   129 | D:1      | 129 ||| Stepping randomly (stuck).
   130 | D:1      | 130 ||| Stepping randomly (stuck).
   131 | D:1      | 131 ||| Stepping randomly (stuck).
   132 | D:1      | 132 ||| Stepping randomly (stuck).
   133 | D:1      | 133 ||| Stepping randomly (stuck).
   134 | D:1      | 134 ||| Stepping randomly (stuck).
   135 | D:1      | 135 ||| Stepping randomly (stuck).
   136 | D:1      | 136 ||| Stepping randomly (stuck).
   137 | D:1      | 137 ||| Stepping randomly (stuck).
   138 | D:1      | 138 ||| Stepping randomly (stuck).
   139 | D:1      | 139 ||| Stepping randomly (stuck).
   140 | D:1      | 140 ||| Stepping randomly (stuck).
   141 | D:1      | 141 ||| Stepping randomly (stuck).
   142 | D:1      | 142 ||| Stepping randomly (stuck).
   143 | D:1      | 143 ||| Stepping randomly (stuck).
   144 | D:1      | 144 ||| Stepping randomly (stuck).
   145 | D:1      | 145 ||| Stepping randomly (stuck).
   146 | D:1      | 146 ||| Stepping randomly (stuck).
   147 | D:1      | 147 ||| Stepping randomly (stuck).
   148 | D:1      | 148 ||| Stepping randomly (stuck).
   149 | D:1      | 149 ||| Stepping randomly (stuck).
   150 | D:1      | 150 ||| Stepping randomly (stuck).
   151 | D:1      | 151 ||| Stepping randomly (stuck).
   152 | D:1      | 152 ||| Stepping randomly (stuck).
   153 | D:1      | 153 ||| Stepping randomly (stuck).
   154 | D:1      | 154 ||| Stepping randomly (stuck).
   155 | D:1      | 155 ||| Stepping randomly (stuck).
   156 | D:1      | 156 ||| Stepping randomly (stuck).
   157 | D:1      | 157 ||| Stepping randomly (stuck).
   158 | D:1      | 158 ||| Stepping randomly (stuck).
   159 | D:1      | 159 ||| Stepping randomly (stuck).
   160 | D:1      | 160 ||| Stepping randomly (stuck).
   161 | D:1      | 161 ||| Stepping randomly (stuck).
   162 | D:1      | 162 ||| Stepping randomly (stuck).
   163 | D:1      | 163 ||| Stepping randomly (stuck).
   164 | D:1      | 164 ||| Stepping randomly (stuck).
   165 | D:1      | 165 ||| Stepping randomly (stuck).
   166 | D:1      | 166 ||| Stepping randomly (stuck).
   167 | D:1      | 167 ||| Stepping randomly (stuck).
   168 | D:1      | 168 ||| Stepping randomly (stuck).
   169 | D:1      | 169 ||| Stepping randomly (stuck).
   170 | D:1      | 170 ||| Stepping randomly (stuck).
   171 | D:1      | 171 ||| Stepping randomly (stuck).
   172 | D:1      | 172 ||| Stepping randomly (stuck).
   173 | D:1      | 173 ||| Stepping randomly (stuck).
   174 | D:1      | 174 ||| Stepping randomly (stuck).
   175 | D:1      | 175 ||| Stepping randomly (stuck).
   176 | D:1      | 176 ||| Stepping randomly (stuck).
   177 | D:1      | 177 ||| Stepping randomly (stuck).
   178 | D:1      | 178 ||| Stepping randomly (stuck).
   179 | D:1      | 179 ||| Stepping randomly (stuck).
   180 | D:1      | 180 ||| Stepping randomly (stuck).
   181 | D:1      | 181 ||| Stepping randomly (stuck).
   182 | D:1      | 182 ||| Stepping randomly (stuck).
   183 | D:1      | 183 ||| Stepping randomly (stuck).
   184 | D:1      | 184 ||| Stepping randomly (stuck).
   185 | D:1      | 185 ||| Stepping randomly (stuck).
   186 | D:1      | 186 ||| Stepping randomly (stuck).
   187 | D:1      | 187 ||| Stepping randomly (stuck).
   188 | D:1      | 188 ||| Stepping randomly (stuck).
   189 | D:1      | 189 ||| Stepping randomly (stuck).
   190 | D:1      | 190 ||| Stepping randomly (stuck).
   191 | D:1      | 191 ||| Stepping randomly (stuck).
   192 | D:1      | 192 ||| Stepping randomly (stuck).
   193 | D:1      | 193 ||| Stepping randomly (stuck).
   194 | D:1      | 194 ||| Stepping randomly (stuck).
   195 | D:1      | 195 ||| Stepping randomly (stuck).
   196 | D:1      | 196 ||| Stepping randomly (stuck).
   197 | D:1      | 197 ||| Stepping randomly (stuck).
   198 | D:1      | 198 ||| Stepping randomly (stuck).
   199 | D:1      | 199 ||| Stepping randomly (stuck).
   200 | D:1      | 200 ||| Stepping randomly (stuck).
   201 | D:1      | 201 ||| Stepping randomly (stuck).
   202 | D:1      | 202 ||| Stepping randomly (stuck).
   203 | D:1      | 203 ||| Stepping randomly (stuck).
   204 | D:1      | 204 ||| Stepping randomly (stuck).
   205 | D:1      | 205 ||| Stepping randomly (stuck).
   206 | D:1      | 206 ||| Stepping randomly (stuck).
   207 | D:1      | 207 ||| Stepping randomly (stuck).
   208 | D:1      | 208 ||| Stepping randomly (stuck).
   209 | D:1      | 209 ||| Stepping randomly (stuck).
   210 | D:1      | 210 ||| Stepping randomly (stuck).
   211 | D:1      | 211 ||| Stepping randomly (stuck).
   212 | D:1      | 212 ||| Stepping randomly (stuck).
   213 | D:1      | 213 ||| Stepping randomly (stuck).
   214 | D:1      | 214 ||| Stepping randomly (stuck).
   215 | D:1      | 215 ||| Stepping randomly (stuck).
   216 | D:1      | 216 ||| Stepping randomly (stuck).
   217 | D:1      | 217 ||| Stepping randomly (stuck).
   218 | D:1      | 218 ||| Stepping randomly (stuck).
   219 | D:1      | 219 ||| Stepping randomly (stuck).
   220 | D:1      | 220 ||| Stepping randomly (stuck).
   221 | D:1      | 221 ||| Stepping randomly (stuck).
   222 | D:1      | 222 ||| Stepping randomly (stuck).
   404 | D:1      | Reached XP level 2. HP: 27/29 MP: 2/2
   483 | D:1      | 483 ||| UPGRADING to +6 ring of strength.
   484 | D:1      | 484 ||| READING scroll labelled KAORYSHIASK.
   487 | D:1      | 487 ||| READING scroll labelled YMOIMAEKLE.
   488 | D:1      | 488 ||| DRINKING 2 metallic clear potions.
   589 | D:2      | 589 ||| INVOKING Fiery Armour.
   590 | D:2      | 590 ||| STAIRDANCE
   595 | D:1      | Reached XP level 3. HP: 33/36 MP: 3/3
   600 | D:2      | 600 ||| STAIRDANCE
   652 | D:2      | Found Nusod's Assorted Antiques.
   656 | D:2      | 656 ||| BUYING scroll labelled MOBBOI ZIORCH (29 gold).
   656 | D:2      | Bought a scroll labelled MOBBOI ZIORCH for 29 gold pieces
   656 | D:2      | 656 ||| SHOPLISTING scroll labelled NOTHRI ITIFA (29 gold,
                  | have 1).
   656 | D:2      | 656 ||| SHOPLISTING tubular emerald ring (145 gold, have
                  | 1).
   690 | D:2      | Found a faded altar of an unknown god.
   819 | D:2      | Found Ogeubarch's Antique Armour Shoppe.
   832 | D:2      | Reached XP level 4. HP: 44/44 MP: 4/4
   832 | D:2      | 832 ||| READING 2 scrolls labelled MOBBOI ZIORCH.
   938 | D:2      | Found a stormy altar of Qazlal.
   959 | D:2      | 959 ||| Stepping ~*~*~tactically~*~*~ (stealth).
   970 | D:2      | Found Jeziheth's Distillery.
   980 | D:2      | 980 ||| SHOPLISTING 2 potions of mutation (176 gold, have
                  | 36).
   980 | D:2      | 980 ||| SHOPLISTING potion of cancellation (88 gold, have
                  | 36).
   980 | D:2      | 980 ||| BUYING potion of curing (33 gold).
   980 | D:2      | Bought a potion of curing for 33 gold pieces
   980 | D:2      | 980 ||| SHOPLISTING potion of curing (33 gold, have 3).
  1205 | D:2      | 1205 ||| Stepping ~*~*~tactically~*~*~ (hiding).
  1223 | D:2      | Found Hyt Diol's Weapon Shoppe.
  1309 | D:2      | 1309 ||| READING scroll labelled NOTHRI ITIFA.
  1310 | D:2      | 1310 ||| DRINKING 2 grey potions.
  1311 | D:2      | 1311 ||| DRINKING 2 dark potions.
  1312 | D:2      | 1312 ||| DROPPING scroll of fog.
  1760 | D:1      | 1760 ||| Stepping ~*~*~tactically~*~*~ (stealth).
  1904 | D:3      | Noticed Terence
  1912 | D:3      | Killed Terence
  2143 | D:3      | Noticed Jessica
  2144 | D:3      | 2144 ||| Stepping ~*~*~tactically~*~*~ (hiding).
  2147 | D:3      | Reached XP level 5. HP: 50/50 MP: 5/5
  2149 | D:3      | Killed Jessica
  2150 | D:3      | Reached skill level 6 in Unarmed Combat
  2215 | D:3      | You fall into a shaft and drop 3 floors!
  2216 | D:6      | 2216 ||| READING scroll labelled NIKKETHROIF.
  2217 | D:6      | 2217 ||| DRINKING 2 sapphire potions.
  2217 | D:6      | Gained mutation: You are frail. (-10% HP) [potion of
                  | mutation]
  2217 | D:6      | Gained mutation: You expend magic power (3 MP) to
                  | strengthen your wands. [potion of mutation]
  2217 | D:6      | Gained mutation: You have an increased reservoir of magic.
                  | (+10% MP) [potion of mutation]
  2218 | D:6      | 2218 ||| DRINKING potion of mutation.
  2218 | D:6      | Lost mutation: You are frail. (-10% HP) [potion of
                  | mutation]
  2218 | D:6      | Lost mutation: You have an increased reservoir of magic.
                  | (+10% MP) [potion of mutation]
  2218 | D:6      | Lost mutation: You expend magic power (3 MP) to strengthen
                  | your wands. [potion of mutation]
  2218 | D:6      | Gained mutation: Your spells are a little harder to cast,
                  | but a little more powerful. [potion of mutation]
  2218 | D:6      | Gained mutation: You occasionally lose the ability to drink
                  | potions when taking damage. [potion of mutation]
  2218 | D:6      | Gained mutation: You occasionally shout uncontrollably at
                  | your foes. [potion of mutation]
  2223 | D:6      | 2223 ||| DRINKING 2 blue potions.
  2266 | D:6      | 2266 ||| DRINKING 2 metallic inky potions.
  2267 | D:6      | 2267 ||| DROPPING potion of lignification.
  2268 | D:6      | 2268 ||| DROPPING potion of brilliance.
  2292 | D:5      | Entered Level 5 of the Dungeon
  2306 | D:5      | Noticed Ijyb
  2306 | D:5      | 2306 ||| Stepping ~*~*~tactically~*~*~ (hiding).
  2323 | D:5      | Killed Ijyb
  2330 | D:5      | Noticed Pikel
  2330 | D:5      | Noticed a lemure
  2330 | D:5      | Noticed a lemure
  2330 | D:5      | Noticed a lemure
  2330 | D:5      | Noticed a lemure
  2330 | D:5      | Noticed a phantom
  2331 | D:5      | 2331 ||| INVOKING Fiery Armour.
  2336 | D:5      | Killed a lemure
  2338 | D:5      | Noticed a black bear
  2339 | D:5      | 2339 ||| Stepping ~*~*~tactically~*~*~ (stealth).
  2347 | D:5      | Killed Pikel
  2348 | D:5      | Reached XP level 6. HP: 52/59 MP: 6/6
  2348 | D:5      | Reached XP level 7. HP: 58/66 MP: 7/7
  2352 | D:5      | Reached skill level 3 in Fighting
  2355 | D:5      | Reached skill level 9 in Unarmed Combat
  2375 | D:5      | Found a staircase to the Ecumenical Temple.
  2421 | D:5      | 2421 ||| READING 2 scrolls of identify.
  2421 | D:5      | 2421 ||| IDENTIFYING metallic pink potion
  2422 | D:5      | 2422 ||| DROPPING potion of berserk rage.
  2433 | D:4      | Reached skill level 1 in Dodging
  2441 | D:4      | 2441 ||| Stepping ~*~*~tactically~*~*~ (hiding).
  2442 | D:4      | 2442 ||| Stepping ~*~*~tactically~*~*~ (stealth).
  2466 | D:4      | Reached XP level 8. HP: 62/75 MP: 8/8
  2486 | D:4      | Noticed a +0 dagger
  2486 | D:4      | Noticed a +0 dagger
  2553 | D:3      | 2553 ||| Stepping ~*~*~tactically~*~*~ (stealth).
  2561 | D:3      | 2561 ||| Stepping ~*~*~tactically~*~*~ (stealth).
  2602 | D:3      | 2602 ||| Stepping ~*~*~tactically~*~*~ (stealth).
  2656 | D:3      | Found a basalt altar of Yredelemnul.
  2780 | D:3      | Found an ornate altar of the Wu Jian Council.
  2804 | D:3      | 2804 ||| Stepping ~*~*~tactically~*~*~ (stealth).
  2806 | D:3      | 2806 ||| Stepping ~*~*~tactically~*~*~ (hiding).
  2808 | D:3      | 2808 ||| Stepping ~*~*~tactically~*~*~ (hiding).
  3031 | D:3      | 3031 ||| Stepping ~*~*~tactically~*~*~ (stealth).
  3044 | D:3      | 3044 ||| Stepping ~*~*~tactically~*~*~ (stealth).
  3047 | D:3      | 3047 ||| Stepping ~*~*~tactically~*~*~ (stealth).
  3255 | D:3      | 3255 ||| READING 2 scrolls of identify.
  3255 | D:3      | 3255 ||| IDENTIFYING fuming green potion
  3256 | D:3      | 3256 ||| DROPPING potion of magic.
  3484 | D:4      | Found a bloodstained altar of Trog.
  3558 | D:4      | Found a hide-covered altar of Uskayaw.
  4209 | D:4      | 4209 ||| Stepping ~*~*~tactically~*~*~ (outnumbered).
  4215 | D:4      | 4215 ||| Stepping ~*~*~tactically~*~*~ (outnumbered).
  4216 | D:4      | 4216 ||| Stepping ~*~*~tactically~*~*~ (outnumbered).
  4217 | D:4      | 4217 ||| Stepping ~*~*~tactically~*~*~ (outnumbered).
  4218 | D:4      | 4218 ||| Stepping ~*~*~tactically~*~*~ (outnumbered).
  4483 | D:4      | 4483 ||| UPGRADING to +0 tower shield.
  4488 | D:4      | 4488 ||| UPGRADING to amulet of reflection.
  4493 | D:4      | 4493 ||| READING scroll labelled TIUZ WANUT.
  4494 | D:4      | 4494 ||| READING scroll labelled GIAQAYS ZOPA.
  4510 | D:5      | Noticed Eustachio
  4511 | D:5      | Noticed Prince Ribbit
  4512 | D:5      | 4512 ||| Stepping ~*~*~tactically~*~*~ (stealth).
  4512 | D:5      | Noticed Edmund
  4515 | D:5      | 4515 ||| INVOKING Fiery Armour.
  4516 | D:5      | 4516 ||| Stepping ~*~*~tactically~*~*~ (outnumbered).
  4521 | D:5      | Killed Prince Ribbit
  4522 | D:5      | 4522 ||| Stepping ~*~*~tactically~*~*~ (outnumbered).
  4530 | D:5      | Killed Edmund
  4531 | D:5      | Reached skill level 3 in Shields
  4548 | D:5      | Killed Eustachio
  4729 | D:5      | Noticed Menkaure
  4731 | D:5      | Killed Menkaure
  4782 | D:5      | Found Rirod's Lightly-Used Armoury.
  4799 | D:5      | Reached XP level 9. HP: 80/81 MP: 9/9
  4801 | D:5      | 4801 ||| SHOPLISTING -2 pearl dragon scales (1080 gold,
                  | have 232).
  5183 | D:5      | Found an ancient bone altar of Kikubaaqudgha.
  5186 | D:5      | 5186 ||| UPGRADING to ring of see invisible.
  5187 | D:5      | 5187 ||| READING scroll labelled VUUPPE XEOMID.
  5188 | D:5      | 5188 ||| READING 4 scrolls of teleportation.
  5226 | D:6      | 5226 ||| INVOKING Fiery Armour.
  5229 | D:6      | 5229 ||| Stepping ~*~*~tactically~*~*~ (outnumbered).
  5230 | D:6      | 5230 ||| STAIRDANCE
  5238 | D:6      | 5238 ||| STAIRDANCE
  5243 | D:5      | Reached skill level 6 in Shields
  5245 | D:6      | 5245 ||| STAIRDANCE
  5256 | D:6      | 5256 ||| STAIRDANCE
  5267 | D:6      | 5267 ||| STAIRDANCE
  5300 | D:6      | 5300 ||| Stepping ~*~*~tactically~*~*~ (hiding).
  5303 | D:6      | 5303 ||| Stepping ~*~*~tactically~*~*~ (hiding).
  5311 | D:6      | 5311 ||| Stepping ~*~*~tactically~*~*~ (outnumbered).
  5381 | D:6      | 5381 ||| Stepping ~*~*~tactically~*~*~ (hiding).
  5389 | D:6      | 5389 ||| INVOKING Fiery Armour.
  5533 | D:6      | 5533 ||| Stepping ~*~*~tactically~*~*~ (outnumbered).
  5536 | D:6      | 5536 ||| INVOKING Fiery Armour.
  5537 | D:6      | 5537 ||| Stepping ~*~*~tactically~*~*~ (outnumbered).
  5538 | D:6      | 5538 ||| Stepping ~*~*~tactically~*~*~ (hiding).
  5539 | D:6      | 5539 ||| Stepping ~*~*~tactically~*~*~ (hiding).
  5547 | D:6      | 5547 ||| DRINKING 6 potions of curing.
  5547 | D:6      | 5547 ||| (to cure confusion)
  5559 | D:6      | 5559 ||| DRINKING 5 potions of curing.
  5559 | D:6      | 5559 ||| (to cure confusion)
  5601 | D:6      | Identified the +1 robe of Ethereal Birdsong {Str+6}
  5703 | D:6      | Found an iron altar of Okawaru.
  5747 | D:6      | Found a runed translucent door.
  5748 | D:6      | Noticed Crazy Yiuf
  6030 | D:6      | 6030 ||| UPGRADING to +1 robe of fire resistance.
  6040 | D:6      | 6040 ||| DROPPING +0 robe.
  6041 | D:6      | 6041 ||| UPGRADING to +1 robe of Ethereal Birdsong {Str+6}.
  6051 | D:6      | 6051 ||| UPGRADING to +0 cloak.
  6056 | D:6      | 6056 ||| READING scroll labelled MECRIA QAQYAL.
  6094 | D:6      | 6094 ||| READING 2 scrolls of identify.
  6094 | D:6      | 6094 ||| IDENTIFYING sedimented dark potion
  6168 | D:7      | 6168 ||| Stepping ~*~*~tactically~*~*~ (stealth).
  6172 | D:7      | 6172 ||| Stepping ~*~*~tactically~*~*~ (stealth).
  6176 | D:7      | 6176 ||| Stepping ~*~*~tactically~*~*~ (stealth).
  6334 | D:7      | 6334 ||| Stepping ~*~*~tactically~*~*~ (hiding).
  6336 | D:7      | 6336 ||| Stepping ~*~*~tactically~*~*~ (hiding).
  6527 | D:7      | Noticed qw's ghost (novice TrCA)
  6762 | D:7      | Found a runed translucent gate.
  6762 | D:7      | Found a runed translucent gate.
  6762 | D:7      | Found a runed translucent gate.
  6777 | D:7      | Identified the +1 robe of Tempters {rPois rC++}
  6781 | D:7      | 6781 ||| INVOKING Fiery Armour.
  6790 | D:7      | Reached skill level 9 in Shields
  6998 | D:7      | 6998 ||| UPGRADING to +1 robe of Tempters {rPois rC++}.
  7106 | D:8      | 7106 ||| Stepping ~*~*~tactically~*~*~ (hiding).
  7109 | D:8      | 7109 ||| Stepping ~*~*~tactically~*~*~ (hiding).
  7257 | D:8      | 7257 ||| Stepping ~*~*~tactically~*~*~ (stealth).
  7264 | D:8      | 7264 ||| Stepping ~*~*~tactically~*~*~ (stealth).
  7268 | D:8      | 7268 ||| INVOKING Fiery Armour.
  7274 | D:8      | Reached XP level 10. HP: 84/91 MP: 10/10
  7275 | D:8      | 7275 ||| Stepping ~*~*~tactically~*~*~ (outnumbered).
  7277 | D:8      | 7277 ||| Stepping ~*~*~tactically~*~*~ (outnumbered).
  7278 | D:8      | 7278 ||| Stepping ~*~*~tactically~*~*~ (outnumbered).
  7279 | D:8      | 7279 ||| Stepping ~*~*~tactically~*~*~ (outnumbered).
  7280 | D:8      | 7280 ||| Stepping ~*~*~tactically~*~*~ (outnumbered).
  7346 | D:8      | 7346 ||| Stepping ~*~*~tactically~*~*~ (stealth).
  7350 | D:8      | 7350 ||| Stepping ~*~*~tactically~*~*~ (stealth).
  7360 | D:8      | Noticed a two-headed ogre
  7369 | D:8      | Killed a two-headed ogre
  7421 | D:8      | Found a broken altar of Ashenzari.
  7431 | D:8      | Found a shadowy altar of Dithmenos.
  7617 | D:8      | 7617 ||| READING scroll labelled JUWESU QURU.
  7651 | D:9      | 7651 ||| STAIRDANCE
  7666 | D:9      | 7666 ||| STAIRDANCE
  7682 | D:9      | 7682 ||| Stepping ~*~*~tactically~*~*~ (outnumbered).
  7735 | D:9      | 7735 ||| Stepping ~*~*~tactically~*~*~ (outnumbered).
  7877 | D:9      | Noticed a two-headed ogre
  7878 | D:9      | Noticed a two-headed ogre
  7878 | D:9      | 7878 ||| INVOKING Fiery Armour.
  7880 | D:9      | 7880 ||| Stepping ~*~*~tactically~*~*~ (stealth).
  7886 | D:9      | HP: 7/92 [two-headed ogre/+0 giant spiked club (29)]
  7887 | D:9      | 7887 ||| READING 4 scrolls of teleportation.
  7888 | D:9      | 7888 ||| DRINKING 5 potions of heal wounds.
  7889 | D:9      | Killed a two-headed ogre
  7890 | D:9      | Reached skill level 12 in Shields
  7904 | D:9      | Reached XP level 11. HP: 42/100 MP: 11/11
  7969 | D:9      | 7969 ||| Stepping ~*~*~tactically~*~*~ (stealth).
  7975 | D:9      | Noticed a four-headed hydra
  7981 | D:9      | 7981 ||| Stepping ~*~*~tactically~*~*~ (outnumbered).
  7983 | D:9      | 7983 ||| INVOKING Fiery Armour.
  7984 | D:9      | 7984 ||| Stepping ~*~*~tactically~*~*~ (outnumbered).
  7985 | D:9      | 7985 ||| Stepping ~*~*~tactically~*~*~ (outnumbered).
  7987 | D:9      | Killed a two-headed ogre
  7990 | D:9      | Killed a seven-headed hydra
  8042 | D:9      | 8042 ||| Stepping ~*~*~tactically~*~*~ (stealth).
  8214 | D:9      | 8214 ||| Stepping ~*~*~tactically~*~*~ (stealth).
  8221 | D:9      | 8221 ||| INVOKING Fiery Armour.
  8223 | D:9      | 8223 ||| Stepping ~*~*~tactically~*~*~ (outnumbered).
  8229 | D:9      | 8229 ||| DRINKING potion of cancellation.
  8284 | D:9      | Noticed a centaur warrior
  8291 | D:9      | Killed a centaur warrior
  8292 | D:9      | 8292 ||| FLEEEEING.
  8293 | D:9      | 8293 ||| FLEEEEING.
  8294 | D:9      | 8294 ||| STAIRDANCE
  8336 | D:8      | 8336 ||| READING scroll labelled RAPRINULYN.
  8337 | D:8      | 8337 ||| READING scroll labelled ICKOTW BOUWKA.
  8338 | D:8      | 8338 ||| READING 2 scrolls of identify.
  8338 | D:8      | 8338 ||| IDENTIFYING murky green potion
  8339 | D:8      | 8339 ||| DROPPING potion of degeneration.
  8342 | D:9      | 8342 ||| STAIRDANCE
  8362 | D:9      | 8362 ||| STAIRDANCE
  8399 | D:9      | 8399 ||| Stepping ~*~*~tactically~*~*~ (stealth).
  8404 | D:9      | 8404 ||| Stepping ~*~*~tactically~*~*~ (outnumbered).
  8405 | D:9      | 8405 ||| Stepping ~*~*~tactically~*~*~ (outnumbered).
  8406 | D:9      | 8406 ||| INVOKING Fiery Armour.
  8407 | D:9      | 8407 ||| Stepping ~*~*~tactically~*~*~ (outnumbered).
  8408 | D:9      | 8408 ||| Stepping ~*~*~tactically~*~*~ (outnumbered).
  8409 | D:9      | 8409 ||| Stepping ~*~*~tactically~*~*~ (outnumbered).
  8410 | D:9      | 8410 ||| Stepping ~*~*~tactically~*~*~ (outnumbered).
  8411 | D:9      | 8411 ||| Stepping ~*~*~tactically~*~*~ (outnumbered).
  8412 | D:9      | 8412 ||| Stepping ~*~*~tactically~*~*~ (outnumbered).
  8413 | D:9      | 8413 ||| Stepping ~*~*~tactically~*~*~ (outnumbered).
  8414 | D:9      | 8414 ||| Stepping ~*~*~tactically~*~*~ (outnumbered).
  8415 | D:9      | 8415 ||| Stepping ~*~*~tactically~*~*~ (outnumbered).
  8416 | D:9      | 8416 ||| Stepping ~*~*~tactically~*~*~ (outnumbered).
  8417 | D:9      | 8417 ||| Stepping ~*~*~tactically~*~*~ (outnumbered).
  8418 | D:9      | 8418 ||| Stepping ~*~*~tactically~*~*~ (outnumbered).
  8419 | D:9      | 8419 ||| STAIRDANCE
  8421 | D:8      | 8421 ||| PLANNING CONVERSION TO OKAWARU
  8423 | D:8      | Reached skill level 1 in Throwing
  8530 | D:6      | Fell from the grace of Ignis
  8530 | D:6      | Became a worshipper of Warmaster Okawaru
  8531 | D:6      | 8531 ||| PLANNING D:1-11
  8579 | D:6      | 8579 ||| UPGRADING to +4 ring of protection.
  8581 | D:6      | 8581 ||| DRINKING 3 bubbling silvery potions.
  8582 | D:6      | 8582 ||| DROPPING 2 potions of flight.
  8851 | D:9      | Identified the +1 pair of gloves "Xycaets" {Regen+}
  8870 | D:9      | Noticed an orb spider
  8871 | D:9      | 8871 ||| Stepping ~*~*~tactically~*~*~ (hiding).
  8891 | D:9      | Killed an orb spider
  8892 | D:9      | Reached skill level 3 in Throwing
  8902 | D:9      | 8902 ||| FLEEEEING.
  8903 | D:9      | 8903 ||| FLEEEEING.
  8904 | D:9      | 8904 ||| FLEEEEING.
  8907 | D:9      | 8907 ||| FLEEEEING.
  8908 | D:9      | 8908 ||| FLEEEEING.
  8909 | D:9      | 8909 ||| FLEEEEING.
  8910 | D:9      | 8910 ||| FLEEEEING.
  8911 | D:9      | 8911 ||| FLEEEEING.
  8915 | D:9      | 8915 ||| STAIRDANCE
  8944 | D:8      | 8944 ||| READING scroll labelled NETERY PEDAUZ.
  8944 | D:8      | Identified a scroll of acquirement
  8944 | D:8      | 8944 ||| ACQUIRING +3 hat of Pondering {ponderous, Will+
                  | MP+10 Int+5}
  8944 | D:8      | Acquired the +3 hat of Pondering {ponderous, Will+ MP+10
                  | Int+5}
  8944 | D:8      | Found the +3 hat of Pondering {ponderous, Will+ MP+10
                  | Int+5}
  8946 | D:8      | 8946 ||| DRINKING 2 pink potions.
  9137 | D:9      | 9137 ||| Stepping ~*~*~tactically~*~*~ (stealth).
  9141 | D:9      | 9141 ||| Stepping ~*~*~tactically~*~*~ (stealth).
  9148 | D:9      | Reached * piety under Okawaru
  9162 | D:9      | Reached skill level 1 in Invocations
  9175 | D:9      | Found a staircase to the Lair.
  9208 | D:9      | 9208 ||| PLANNING LAIR
  9208 | D:9      | 9208 ||| READING 2 scrolls of identify.
  9208 | D:9      | 9208 ||| IDENTIFYING purple potion
  9209 | D:9      | 9209 ||| DROPPING potion of ambrosia.
  9240 | Lair:1   | Entered Level 1 of the Lair of Beasts
  9268 | Lair:1   | 9268 ||| INVOKING Heroism.
  9284 | Lair:1   | 9284 ||| INVOKING Heroism.
  9335 | Lair:1   | 9335 ||| INVOKING Heroism.
  9427 | Lair:1   | 9427 ||| Stepping ~*~*~tactically~*~*~ (stealth).
  9452 | Lair:1   | 9452 ||| INVOKING Heroism.
  9499 | Lair:1   | 9499 ||| Stepping ~*~*~tactically~*~*~ (stealth).
  9502 | Lair:1   | Reached skill level 12 in Unarmed Combat
  9502 | Lair:1   | Reached skill level 3 in Invocations
  9504 | Lair:1   | 9504 ||| Stepping ~*~*~tactically~*~*~ (stealth).
  9505 | Lair:1   | 9505 ||| Stepping ~*~*~tactically~*~*~ (stealth).
  9519 | Lair:1   | Found a runed translucent gate.
  9519 | Lair:1   | Found a runed translucent gate.
  9522 | Lair:1   | Found a runed translucent gate.
  9530 | Lair:1   | 9530 ||| Stepping ~*~*~tactically~*~*~ (stealth).
  9569 | Lair:1   | 9569 ||| Stepping ~*~*~tactically~*~*~ (stealth).
  9570 | Lair:1   | 9570 ||| Stepping ~*~*~tactically~*~*~ (stealth).
  9571 | Lair:1   | 9571 ||| Stepping ~*~*~tactically~*~*~ (stealth).
  9572 | Lair:1   | 9572 ||| INVOKING Heroism.
  9574 | Lair:1   | 9574 ||| Stepping ~*~*~tactically~*~*~ (outnumbered).
  9575 | Lair:1   | 9575 ||| Stepping ~*~*~tactically~*~*~ (outnumbered).
  9576 | Lair:1   | 9576 ||| Stepping ~*~*~tactically~*~*~ (outnumbered).
  9577 | Lair:1   | 9577 ||| Stepping ~*~*~tactically~*~*~ (outnumbered).
  9586 | Lair:1   | Reached ** piety under Okawaru
  9590 | Lair:1   | 9590 ||| INVOKING Heroism.
  9592 | Lair:1   | Reached XP level 12. HP: 92/107 MP: 10/13
  9606 | Lair:1   | 9606 ||| INVOKING Heroism.
  9607 | Lair:1   | 9607 ||| Stepping ~*~*~tactically~*~*~ (outnumbered).
  9611 | Lair:1   | 9611 ||| Stepping ~*~*~tactically~*~*~ (hiding).
  9619 | Lair:1   | HP: 9/107 [spriggan rider/+0 spear (22)]
  9620 | Lair:1   | 9620 ||| READING 3 scrolls of teleportation.
  9625 | Lair:1   | 9625 ||| READING 2 scrolls of teleportation.
  9676 | Lair:1   | 9676 ||| Stepping ~*~*~tactically~*~*~ (stealth).
  9677 | Lair:1   | 9677 ||| Stepping ~*~*~tactically~*~*~ (stealth).
  9680 | Lair:1   | 9680 ||| Stepping ~*~*~tactically~*~*~ (stealth).
  9697 | Lair:1   | 9697 ||| Stepping ~*~*~tactically~*~*~ (stealth).
  9784 | Lair:1   | 9784 ||| INVOKING Heroism.
  9785 | Lair:1   | 9785 ||| Stepping ~*~*~tactically~*~*~ (stealth).
  9787 | Lair:1   | 9787 ||| Stepping ~*~*~tactically~*~*~ (stealth).
  9923 | Lair:1   | 9923 ||| Stepping ~*~*~tactically~*~*~ (stealth).
  9942 | Lair:1   | 9942 ||| INVOKING Heroism.
  9958 | Lair:1   | 9958 ||| INVOKING Heroism.
  9981 | Lair:1   | 9981 ||| Stepping ~*~*~tactically~*~*~ (stealth).
  9982 | Lair:1   | 9982 ||| Stepping ~*~*~tactically~*~*~ (stealth).
  9983 | Lair:1   | 9983 ||| INVOKING Heroism.
  9985 | Lair:1   | 9985 ||| Stepping ~*~*~tactically~*~*~ (outnumbered).
  9997 | Lair:1   | 9997 ||| Stepping ~*~*~tactically~*~*~ (outnumbered).
 10110 | Lair:1   | 10110 ||| INVOKING Heroism.
 10211 | Lair:1   | 10211 ||| Stepping ~*~*~tactically~*~*~ (outnumbered).
 10218 | Lair:1   | 10218 ||| INVOKING Heroism.
 10232 | Lair:1   | 10232 ||| Stepping ~*~*~tactically~*~*~ (stealth).
 10327 | Lair:1   | Noticed Grum
 10328 | Lair:1   | 10328 ||| INVOKING Heroism.
 10334 | Lair:1   | Killed Grum
 10387 | Lair:1   | You fall into a shaft and drop 1 floor!
 10388 | Lair:2   | 10388 ||| PLANNING GAUNTLET
 10464 | Lair:2   | Found a transporter.
 10476 | Lair:2   | Found a bloodstained altar of Trog.
 10476 | Lair:2   | Noticed qw's ghost (journeyman TrCA)
 10492 | Lair:2   | 10492 ||| Stepping ~*~*~tactically~*~*~ (stealth).
 10497 | Lair:2   | You fall into a shaft and drop 2 floors!
 10518 | Lair:4   | 10518 ||| Stepping ~*~*~tactically~*~*~ (stealth).
 10522 | Lair:4   | 10522 ||| Stepping ~*~*~tactically~*~*~ (stealth).
 10542 | Lair:4   | 10542 ||| INVOKING Heroism.
 10564 | Lair:4   | You fall into a shaft and drop 1 floor!
 10564 | Lair:5   | Entered Level 5 of the Lair of Beasts
 10565 | Lair:5   | 10565 ||| INVOKING Heroism.
 10577 | Lair:5   | 10577 ||| Stepping ~*~*~tactically~*~*~ (outnumbered).
 10577 | Lair:5   | Noticed a seven-headed hydra
 10578 | Lair:5   | 10578 ||| Stepping ~*~*~tactically~*~*~ (stealth).
 10585 | Lair:5   | HP: 17/111 [elephant (13)]
 10586 | Lair:5   | 10586 ||| READING scroll of teleportation.
 10587 | Lair:5   | 10587 ||| DRINKING 5 potions of heal wounds.
 10588 | Lair:5   | 10588 ||| DRINKING 4 potions of heal wounds.
 10589 | Lair:5   | 10589 ||| INVOKING Heroism.
 10597 | Lair:5   | 10597 ||| Stepping ~*~*~tactically~*~*~ (stealth).
 10612 | Lair:5   | Reached *** piety under Okawaru
 10671 | Lair:5   | 10671 ||| INVOKING Heroism.
 10720 | Lair:5   | Reached skill level 1 in Armour
 10812 | Lair:5   | Found a staircase to the Slime Pits.
 10859 | Lair:5   | 10859 ||| Stepping ~*~*~tactically~*~*~ (stealth).
 10860 | Lair:5   | Noticed a dire elephant
 10861 | Lair:5   | 10861 ||| Stepping ~*~*~tactically~*~*~ (stealth).
 10863 | Lair:5   | 10863 ||| Stepping ~*~*~tactically~*~*~ (outnumbered).
 10864 | Lair:5   | 10864 ||| Stepping ~*~*~tactically~*~*~ (outnumbered).
 10865 | Lair:5   | 10865 ||| Stepping ~*~*~tactically~*~*~ (outnumbered).
 10866 | Lair:5   | 10866 ||| INVOKING Heroism.
 10867 | Lair:5   | 10867 ||| Stepping ~*~*~tactically~*~*~ (outnumbered).
 10869 | Lair:5   | 10869 ||| Stepping ~*~*~tactically~*~*~ (outnumbered).
 10878 | Lair:5   | Received a gift from Okawaru
 10905 | Lair:5   | Noticed a death yak
 10905 | Lair:5   | Noticed a death yak
 10906 | Lair:5   | 10906 ||| INVOKING Heroism.
 10916 | Lair:5   | 10916 ||| Stepping ~*~*~tactically~*~*~ (outnumbered).
 10917 | Lair:5   | 10917 ||| Stepping ~*~*~tactically~*~*~ (outnumbered).
 10918 | Lair:5   | 10918 ||| Stepping ~*~*~tactically~*~*~ (outnumbered).
 10919 | Lair:5   | 10919 ||| Stepping ~*~*~tactically~*~*~ (outnumbered).
 10920 | Lair:5   | 10920 ||| Stepping ~*~*~tactically~*~*~ (outnumbered).
 10921 | Lair:5   | 10921 ||| Stepping ~*~*~tactically~*~*~ (outnumbered).
 10922 | Lair:5   | Killed a death yak
 10928 | Lair:5   | Killed a dire elephant
 10928 | Lair:5   | Reached **** piety under Okawaru
 10928 | Lair:5   | Received a gift from Okawaru
 10937 | Lair:5   | 10937 ||| INVOKING Heroism.
 10940 | Lair:5   | Killed a death yak
 11036 | Lair:5   | 11036 ||| INVOKING Heroism.
 11044 | Lair:5   | 11044 ||| Stepping ~*~*~tactically~*~*~ (outnumbered).
 11057 | Lair:5   | HP: 26/111 [fire elemental[the fiery vengeance of Ignis]
                  | (11)]
 11058 | Lair:5   | 11058 ||| DRINKING 3 potions of heal wounds.
 11059 | Lair:5   | 11059 ||| INVOKING Heroism.
 11060 | Lair:5   | 11060 ||| DRINKING 2 potions of heal wounds.
 11062 | Lair:5   | 11062 ||| DRINKING potion of heal wounds.
 11062 | Lair:5   | HP: 26/111 [fire elemental[the fiery vengeance of Ignis]
                  | (14)]
 11096 | Lair:5   | Was forgiven by Ignis
 11097 | Lair:5   | 11097 ||| INVOKING Heroism.
 11159 | Lair:5   | Noticed a dire elephant
 11160 | Lair:5   | Reached XP level 13. HP: 118/118 MP: 15/15
 11160 | Lair:5   | 11160 ||| INVOKING Heroism.
 11172 | Lair:5   | Killed a dire elephant
 11180 | Lair:5   | 11180 ||| Stepping ~*~*~tactically~*~*~ (cloud).
 11181 | Lair:5   | 11181 ||| INVOKING Heroism.
 11225 | Lair:5   | Identified the +0 leather armour "Mirghiyrph" {Dex+3}
 11320 | Lair:5   | 11320 ||| Stepping ~*~*~tactically~*~*~ (stealth).
 11323 | Lair:5   | 11323 ||| Stepping ~*~*~tactically~*~*~ (outnumbered).
 11324 | Lair:5   | 11324 ||| Stepping ~*~*~tactically~*~*~ (outnumbered).
 11325 | Lair:5   | 11325 ||| Stepping ~*~*~tactically~*~*~ (outnumbered).
 11357 | Lair:5   | 11357 ||| INVOKING Heroism.
 11358 | Lair:5   | 11358 ||| Stepping ~*~*~tactically~*~*~ (stealth).
 11359 | Lair:5   | 11359 ||| Stepping ~*~*~tactically~*~*~ (stealth).
 11380 | Lair:5   | 11380 ||| RIP GAUNTLET
 11380 | Lair:5   | 11380 ||| PLANNING LAIR
 11380 | Lair:5   | 11380 ||| Stepping ~*~*~tactically~*~*~ (stealth).
 11417 | Lair:5   | 11417 ||| DROPPING ring of flight.
 11418 | Lair:5   | 11418 ||| READING scroll labelled JORURCHUNGA.
 11519 | Lair:5   | 11519 ||| READING 4 scrolls of identify.
 11519 | Lair:5   | 11519 ||| IDENTIFYING murky orange potion
 11520 | Lair:5   | 11520 ||| READING 3 scrolls of identify.
 11520 | Lair:5   | 11520 ||| IDENTIFYING cyan potion
 11521 | Lair:5   | 11521 ||| DROPPING potion of attraction.
 11522 | Lair:5   | 11522 ||| DROPPING potion of invisibility.
 11528 | Lair:5   | 11528 ||| Stepping ~*~*~tactically~*~*~ (stealth).
 11530 | Lair:5   | 11530 ||| Stepping ~*~*~tactically~*~*~ (stealth).
 11531 | Lair:5   | 11531 ||| INVOKING Heroism.
 11542 | Lair:5   | Reached ***** piety under Okawaru
 11552 | Lair:5   | Reached skill level 6 in Invocations
 11603 | Lair:4   | 11603 ||| INVOKING Heroism.
 11780 | Lair:2   | 11780 ||| RIP GAUNTLET
 12014 | Lair:1   | Noticed qw's ghost (journeyman TrCA)
 12021 | Lair:1   | 12021 ||| Stepping randomly (stuck).
 12051 | Lair:2   | 12051 ||| STAIRDANCE
 12120 | Lair:2   | 12120 ||| STAIRDANCE
 12122 | Lair:1   | 12122 ||| INVOKING Heroism.
 12239 | Lair:2   | 12239 ||| STAIRDANCE
 12307 | Lair:2   | 12307 ||| STAIRDANCE
 12402 | Lair:2   | 12402 ||| DRINKING potion of mutation.
 12402 | Lair:2   | Lost mutation: You occasionally shout uncontrollably at
                  | your foes. [potion of mutation]
 12402 | Lair:2   | Lost mutation: You occasionally lose the ability to drink
                  | potions when taking damage. [potion of mutation]
 12402 | Lair:2   | Gained mutation: You are dopey. (Int -2) [potion of
                  | mutation]
 12402 | Lair:2   | Gained mutation: Your flesh is cold resistant. (rC+)
                  | [potion of mutation]
 12546 | Lair:2   | 12546 ||| Stepping ~*~*~tactically~*~*~ (stealth).
 12563 | Lair:2   | 12563 ||| Stepping ~*~*~tactically~*~*~ (stealth).
 12564 | Lair:2   | 12564 ||| Stepping ~*~*~tactically~*~*~ (stealth).
 12565 | Lair:2   | 12565 ||| INVOKING Heroism.
 12607 | Lair:2   | 12607 ||| INVOKING Heroism.
 12616 | Lair:2   | Received a gift from Okawaru
 12735 | Lair:2   | 12735 ||| Stepping ~*~*~tactically~*~*~ (stealth).
 12832 | Lair:2   | You fall into a shaft and drop 1 floor!
 12846 | Lair:3   | 12846 ||| INVOKING Heroism.
 12858 | Lair:3   | 12858 ||| Stepping ~*~*~tactically~*~*~ (outnumbered).
 12859 | Lair:3   | 12859 ||| Stepping ~*~*~tactically~*~*~ (outnumbered).
 12860 | Lair:3   | 12860 ||| Stepping ~*~*~tactically~*~*~ (outnumbered).
 12862 | Lair:3   | 12862 ||| Stepping ~*~*~tactically~*~*~ (outnumbered).
 12865 | Lair:3   | 12865 ||| Stepping ~*~*~tactically~*~*~ (outnumbered).
 12866 | Lair:3   | 12866 ||| Stepping ~*~*~tactically~*~*~ (outnumbered).
 12867 | Lair:3   | 12867 ||| Stepping ~*~*~tactically~*~*~ (outnumbered).
 12868 | Lair:3   | 12868 ||| Stepping ~*~*~tactically~*~*~ (outnumbered).
 12869 | Lair:3   | 12869 ||| Stepping ~*~*~tactically~*~*~ (outnumbered).
 12870 | Lair:3   | 12870 ||| Stepping ~*~*~tactically~*~*~ (outnumbered).
 12871 | Lair:3   | 12871 ||| Stepping ~*~*~tactically~*~*~ (outnumbered).
 12872 | Lair:3   | 12872 ||| Stepping ~*~*~tactically~*~*~ (outnumbered).
 12873 | Lair:3   | 12873 ||| Stepping ~*~*~tactically~*~*~ (outnumbered).
 12875 | Lair:3   | 12875 ||| Stepping ~*~*~tactically~*~*~ (outnumbered).
 12879 | Lair:3   | 12879 ||| INVOKING Heroism.
 12890 | Lair:3   | Reached skill level 6 in Fighting
 12936 | Lair:3   | 12936 ||| INVOKING Heroism.
 12986 | Lair:3   | Noticed Gastronok
 12987 | Lair:3   | 12987 ||| INVOKING Heroism.
 12997 | Lair:3   | Killed Gastronok
 13271 | Lair:3   | 13271 ||| DROPPING +1 robe of fire resistance.
 13335 | Lair:2   | 13335 ||| INVOKING Heroism.
 13482 | Lair:2   | Found a transporter.
 13683 | Lair:2   | Found a hole to the Spider Nest.
 13757 | Lair:2   | 13757 ||| Stepping ~*~*~tactically~*~*~ (hiding).
 13760 | Lair:2   | 13760 ||| INVOKING Heroism.
 13828 | Lair:2   | 13828 ||| INVOKING Heroism.
 13830 | Lair:2   | 13830 ||| Stepping ~*~*~tactically~*~*~ (outnumbered).
 13836 | Lair:2   | HP: 30/120 [ten-headed hydra (3)]
 13836 | Lair:2   | HP: 10/120 [ten-headed hydra (13)]
 13836 | Lair:2   | Slain by a ten-headed hydra

Levels and vault maps discovered:
D:1:      ldierk_water_garden, layout_loops_ring, amcnicky_mini_pool_small
D:2:      layout_basic, shapermc_ecumenical_altar_mp_urbaneastern, basic_altar,
          serial_shops, nicolae_shop_temple_entry_statues_fountains,
          nicolae_shop_waterfront, nicolae_shop_crystal, shop,
          hangedman_abyss_or_decor_stabs
D:3:      layout_basic, lemuel_zombie_altar_yredelemnul,
          mainiacjoe_overflow_alcove_2, minmay_crystal_room,
          nicolae_elevator_lobby_plus, uniq_jessica, uniq_terence
D:4:      layout_layer_cave, bloody_trog, dancing_weapons_uskayaw
D:5:      layout_loops_ring, tgw_kikubaaqudgha,
          minmay_temple_entry_statues_pillars, minmay_shop_damaged, uniq_edmund,
          uniq_eustachio, uniq_prince_ribbit1, uniq_menkaure, uniq_pikel,
          uniq_ijyb
D:6:      layout_cave_pools, mainiacjoe_overflow_brackets,
          kennysheep_small_spiral, uniq_crazy_yiuf_cottage
D:7:      layout_loops_corners, gammafunk_ghost_icy
D:8:      layout_basic, amcnicky_altar_gilded, old_standard_altar
D:9:      minmay_the_grid_octo_2x2 [minmay_the_grid_octo_empty,
          minmay_the_grid_octo_fat_diamond, minmay_the_grid_octo_clover_2,
          minmay_the_grid_octo_prize_big_c], layout_basic, lair_entry_dummy
Lair:1:   layout_loops_ring, gammafunk_ghost_necromancy,
          grunt_forest_large_clearings, uniq_grum
Lair:2:   cheibrodos_lair_river_kwai, layout_cave_pods,
          palyth_hydra_swamp_entry, spider_nest_entry_web_field,
          gammafunk_ghost_wrathful_warriors, gauntlet_entry_generic,
          cheibrodos_lair_caveside_slide, nicolae_quartered_pool_little
Lair:3:   layout_regular_city, uniq_sonja, uniq_gastronok
Lair:4:   layout_cave_pods, basic_altar, ebering_ghost_xom
Lair:5:   hangedman_lair_in_review, layout_cave_pods, slime_entry_1,
          portal_ice_cave_entry_imps, grunt_megastairs_3

Skill      XL: |  1  2  3  4  5  6  7  8  9 10 11 12 13 |
---------------+----------------------------------------+-----
Unarmed Combat | 4 5 8 9 10 12 13 14 | 14.1
Fighting       | 3 4 5 6 |  6.0
Dodging        | 1 |  1.4
Shields        | 5 9 12 14 | 14.2
Throwing       | 4 5 |  5.0
Invocations    | 3 4 7 |  7.8
Armour         | 1 |  1.3
Spellcasting   | |  1.0
Fire Magic     | |  2.1

Action                   |  1- 3 |  4- 6 |  7- 9 | 10-12 | 13-15 || total
-------------------------+-------+-------+-------+-------+-------++-------
Melee: Unarmed           |    39 |   105 |   313 |   565 |   281 ||  1303
       Punch             |     1 |     4 |     6 |       |       ||    11
Throw: Large rock        |       |       |       |    43 |    13 ||    56
       Javelin           |       |       |       |       |    19 ||    19
Invok: Fiery Armour      |     1 |     1 |     6 |     4 |       ||    12
       Heroism           |       |       |       |    24 |    15 ||    39
  Use: Scroll            |     2 |     3 |     8 |    10 |     3 ||    26
       Potion            |     1 |     6 |     2 |     9 |     1 ||    19
 Stab: Petrified         |       |       |       |       |     2 ||     2
Armor: Robe              |    19 |    37 |    99 |   106 |    78 ||   339
Dodge: Dodged            |    20 |    45 |    82 |    93 |    58 ||   298
Block: Tower shield      |       |       |   154 |   528 |   314 ||   996
       Reflection        |       |       |     3 |    14 |       ||    17

Table legend:
 A = Non-vault XP
 B = Vault XP
 C = Vault XP percentage of total XP
 D = Non-vault monster count
 E = Vault monster count
 F = Vault count percentage of total count
                 A         B        C        D         E       F
            +---------+---------+-------+---------+---------+-------
      Total |   29556 |   28612 |  49.2 |     272 |     101 |  27.1
            +---------+---------+-------+---------+---------+-------
        D:1 |      73 |       0 |   0.0 |      18 |       0 |   0.0
        D:2 |      66 |       0 |   0.0 |      19 |       0 |   0.0
        D:3 |      76 |      97 |  56.1 |      24 |       4 |  14.3
        D:4 |     406 |       0 |   0.0 |      24 |       0 |   0.0
        D:5 |     854 |    1485 |  63.5 |      17 |       6 |  26.1
        D:6 |    1101 |       0 |   0.0 |      23 |       0 |   0.0
        D:7 |     841 |       0 |   0.0 |      19 |       0 |   0.0
        D:8 |    3929 |     202 |   4.9 |      30 |       1 |   3.2
        D:9 |    4145 |    5398 |  56.6 |      24 |      19 |  44.2
     Lair:1 |    5649 |    4533 |  44.5 |      26 |      37 |  58.7
     Lair:2 |    3441 |    3231 |  48.4 |      17 |      10 |  37.0
     Lair:3 |    2839 |    1424 |  33.4 |      12 |       1 |   7.7
     Lair:4 |     514 |       0 |   0.0 |       3 |       0 |   0.0
     Lair:5 |    5622 |   12242 |  68.5 |      16 |      23 |  59.0
            +---------+---------+-------+---------+---------+-------
